 Dungeon Crawl Stone Soup version 0.26.0-10-g1f06aea511 (webtiles) character file.

Game seed: 13954770116781736114

3241 xSliceyx the Blocker (level 10, -1/73 HPs)
             Began as a Formicid Fighter on Jan 13, 2021.
             Was an Initiate of Hepliaklqana.
             Slain by an orc warrior (23 damage)
             ... in a bailey.
             The game lasted 00:27:04 (7758 turns).

xSliceyx the Blocker (Formicid Fighter)             Turns: 7758, Time: 00:27:04

Health: -1/73      AC: 12    Str: 29    XL:     10   Next: 18%
Magic:  0/14       EV: 10    Int:  9    God:    Hepliaklqana [......]
Gold:   400        SH: 13    Dex: 16    Spells: 9/9 levels left

rFire    . . .     SeeInvis +   t - +4 quarterstaff (chaos)
rCold    . . .     Faith    .   c - +0 kite shield
rNeg     . . .     Spirit   +   p - +0 scale mail (curse)
rPois    .         Reflect  .   (helmet unavailable)
rElec    .         Harm     +   C - scarf {harm}
rCorr    .         Rampage  .   i - +1 pair of gloves
Will     +....                  s - +0 pair of boots (curse)
Stlth    ..........             k - amulet of guardian spirit
HPRegen  0.22/turn              l - +6 ring of dexterity
MPRegen  0.14/turn              B - +6 ring of strength

@: no status effects
A: permanent stasis, dig shafts and tunnels, four strong arms, reduced essence,
antennae 3
a: Dig, Renounce Religion, Recall Ancestor, Ancestor Identity


You were in a bailey.
You worshipped Hepliaklqana.
Hepliaklqana was noncommittal.
You visited 2 branches of the dungeon, and saw 8 of its levels.
You also visited: Ossuary and Bailey.

You collected 400 gold pieces.

Inventory:

Hand Weapons
 t - a +4 quarterstaff of chaos (weapon)
Missiles
 h - 6 atropa-tipped darts (quivered)
 q - 30 poisoned darts
Armour
 c - a +0 kite shield (worn)
 i - a +1 pair of gloves (worn)
 o - a +0 chain mail
 p - a cursed +0 scale mail (worn)
 s - a cursed +0 pair of boots (worn)
 u - a +0 cloak
 C - a scarf of harm (worn)
Jewellery
 k - an amulet of guardian spirit (around neck)
 l - a +6 ring of dexterity (left hand)
 B - a +6 ring of strength (right hand)
Wands
 w - a wand of enslavement (8)
 x - a wand of acid (8)
 y - a wand of digging (13)
Scrolls
 f - 6 scrolls of teleportation
 g - 7 scrolls of identify
 j - 2 scrolls of amnesia
 n - 3 scrolls of enchant armour
 v - 3 scrolls of fear
Potions
 a - a potion of mutation {unknown}
 b - a potion of haste {unknown}
 d - 3 potions of might
 e - 3 potions of brilliance
 m - a potion of heal wounds
 r - 4 potions of curing {unknown}
 z - a potion of attraction {unknown}
 A - a potion of degeneration {unknown}


   Skills:
 + Level 8.8 Fighting
 - Level 2.0 Long Blades
 + Level 8.8 Armour
 + Level 9.5 Shields
 + Level 5.7 Invocations


You had 9 spell levels left.
You didn't know any spells.
Your spell library was empty.

Dungeon Overview and Level Annotations

Branches:
Dungeon (7/15)             Temple (1/1) D:4         Ossuary (visited)
 Bailey (1/1)

Altars:
Ashenzari
Cheibriados
Dithmenos
Elyvilon
Fedhas
Gozag
Hepliaklqana
Kikubaaqudgha
Makhleb
Nemelex Xobeh
Okawaru
Qazlal
Ru
Sif Muna
Trog
Uskayaw
Vehumet
Wu Jian
Xom
Zin
The Shining One


Innate Abilities, Weirdness & Mutations

You cannot be hasted, slowed, berserked, paralysed or teleported.
You can dig through walls and to a lower floor.
Your four strong arms can wield two-handed weapons with a shield.
You have a pair of large antennae on your head. (SInv)
Your life essence is reduced to manifest your ancestor. (-10% HP)


Message History

The bolt hits Dube.
You sock the orc warrior! You freeze the orc warrior.
The orc warrior is heavily wounded.
Dube hits the orc warrior.
The orc warrior hits you.
The orc warrior shoots a bolt.
The bolt hits Dube!
You hit the orc warrior.
The orc warrior seems to slow down.
The orc warrior is heavily wounded.
The orc warrior is no longer moving slowly.
Dube hits the orc warrior. x2; The orc warrior closely misses Dube.
You sock the orc warrior! You burn the orc warrior.
You kill the orc warrior!
The orc warrior unwields a +0 arbalest.
The orc warrior misses Dube.
Items here: ( ) [ †.
The orc warrior wields a +0 arbalest.
The orc warrior shoots a bolt.
The bolt hits you!
* * * LOW HITPOINT WARNING * * *
You thump the orc warrior!
The orc warrior seems to grow stronger.
The orc warrior is severely wounded.
The orc warrior unwields a +0 arbalest.
The orc warrior hits you!!
You die...

#############################
#∩...............(.(((.......
#...............(............
#(..............(............
#...(...((.)...(......((.....
#.(....(..(R@.(....).........
#(.(..(...(.o...)............
#....(.≈≈≈≈≈≈≈)≈≈≈≈≈≈≈≈≈≈(≈≈≈
#....(.≈≈#(#≈≈≈≈≈≈≈≈≈≈≈≈≈≈≈≈≈
#....).≈##.##≈(≈≈≈≈≈≈≈≈≈≈≈≈≈≈
#......≈).^..≈≈≈≈≈≈≈≈≈≈≈≈≈≈≈≈
#......≈##.∩#≈≈≈≈≈≈≈≈≈≈≈≈≈≈≈≈
#......≈≈#.#≈≈≈≈≈≈≈≈###≈≈≈≈≈≈
#......≈≈≈≈≈≈≈≈≈≈#### ####≈≈≈


You could see the friendly Dube the ancestor and an orc warrior (strong).

Vanquished Creatures
  Pikel (D:4)
  Prince Ribbit (D:6)
  Edmund (D:4)
  Menkaure (Ossuary)
  An orc warrior (Bailey)
  4 ogres
  A phantom (D:7)
  3 sky beasts
  2 centaurs
  Blork the orc (D:4)
  A scorpion (D:6)
  3 quasits (D:6)
  2 jellies
  4 hounds
  Crazy Yiuf (D:3)
  An orc priest (D:4)
  4 orc wizards
  An iguana (D:6)
  3 worker ants
  3 mummies (Ossuary)
  A hound skeleton (D:6)
  Robin (D:2)
  7 adders
  A howler monkey skeleton (D:4)
  An ufetubus (D:5)
  An ooze (D:2)
  An adder zombie (D:6)
  A worm (D:4)
  A dart slug (D:1)
  4 leopard geckos
  27 orcs
  5 giant cockroaches
  21 goblins
  9 hobgoblins
  5 jackals
  6 quokkas
  9 bats
  5 frilled lizards
  4 gnoll skeletons (Ossuary)
  3 gnoll zombies (Ossuary)
  4 goblin skeletons (Ossuary)
  5 goblin zombies (Ossuary)
  6 hobgoblin skeletons (Ossuary)
  5 hobgoblin zombies (Ossuary)
  5 kobolds
  6 kobold skeletons (Ossuary)
  3 kobold zombies (Ossuary)
  A leopard gecko skeleton (D:4)
  An orc skeleton (Ossuary)
  4 orc zombies (Ossuary)
  6 rats
  4 rat skeletons (Ossuary)
  4 rat zombies (Ossuary)
206 creatures vanquished.

Vanquished Creatures (collateral kills)
  Duvessa (D:5)
  A phantom (D:6)
  A bullfrog (D:7)
  Dowan (D:5)
  A jelly (D:7)
  A bullfrog skeleton (D:7)
  A hound (D:7)
  An iguana (D:7)
  An ufetubus (D:5)
  8 orcs
  2 goblins (D:7)
  A quokka (D:7)
  A jackal zombie (D:5)
21 creatures vanquished.

Vanquished Creatures (others)
  6 fungi (D:4)
  6 toadstools (D:4)
12 creatures vanquished.

Grand Total: 239 creatures vanquished

Notes
Turn   | Place    | Note
-------+----------+-------------------------------------------
     0 | D:1      | xSliceyx the Formicid Fighter began the quest for the Orb.
     0 | D:1      | Reached XP level 1. HP: 18/18 MP: 1/1
   197 | D:1      | Reached XP level 2. HP: 20/24 MP: 2/2
   631 | D:1      | Reached skill level 4 in Shields
   853 | D:2      | Noticed Robin
   861 | D:2      | Killed Robin
   862 | D:2      | Reached XP level 3. HP: 17/30 MP: 3/3
  1059 | D:2      | Reached XP level 4. HP: 26/37 MP: 4/4
  1872 | D:3      | Reached XP level 5. HP: 35/42 MP: 5/5
  2392 | D:3      | Found a sacrificial altar of Ru.
  2575 | D:3      | Found a runed translucent door.
  2576 | D:3      | Noticed Crazy Yiuf
  2588 | D:3      | Killed Crazy Yiuf
  2589 | D:3      | Reached skill level 5 in Shields
  2859 | D:4      | Noticed Blork the orc
  2862 | D:4      | Killed Blork the orc
  2863 | D:4      | Reached skill level 5 in Armour
  2863 | D:4      | Reached XP level 6. HP: 50/50 MP: 6/6
  2936 | D:4      | Noticed an ogre
  2942 | D:4      | Noticed Pikel
  2949 | D:4      | Killed Pikel
  2950 | D:4      | Reached skill level 6 in Shields
  2950 | D:4      | Reached XP level 7. HP: 23/58 MP: 5/7
  2951 | D:4      | Reached XP level 8. HP: 25/64 MP: 6/8
  3105 | D:4      | Found a sand-covered staircase.
  3123 | Ossuary  | Entered an ossuary
  3408 | Ossuary  | Noticed Menkaure
  3426 | Ossuary  | Killed Menkaure
  3427 | Ossuary  | Reached skill level 7 in Shields
  4483 | D:4      | Found a staircase to the Ecumenical Temple.
  4546 | D:4      | Noticed Edmund
  4569 | Temple   | Entered the Ecumenical Temple
  4664 | Temple   | Became a worshipper of Hepliaklqana the Forgotten
  4697 | D:4      | Killed Edmund
  4698 | D:4      | Reached skill level 1 in Invocations
  5243 | D:5      | Entered Level 5 of the Dungeon
  5296 | D:5      | Found a sacrificial altar of Ru.
  5296 | D:5      | Found a burning altar of Makhleb.
  5296 | D:5      | Found an iron altar of Okawaru.
  5308 | D:5      | Found a broken altar of Ashenzari.
  5312 | D:5      | Found a shimmering altar of Xom.
  5370 | D:5      | Reached XP level 9. HP: 49/64 MP: 8/10
  5516 | D:5      | Reached skill level 8 in Shields
  5733 | D:5      | Noticed Duvessa
  5733 | D:5      | Noticed Dowan
  5744 | D:5      | Killed Duvessa
  5747 | D:5      | Killed Dowan
  6420 | D:6      | Noticed Prince Ribbit
  6430 | D:6      | Killed Prince Ribbit
  6846 | D:6      | Reached skill level 9 in Shields
  7110 | D:6      | Reached skill level 5 in Invocations
  7153 | D:6      | Reached XP level 10. HP: 67/73 MP: 11/13
  7271 | D:7      | Found a flagged portal.
  7279 | Bailey   | Entered a bailey
  7758 | Bailey   | Slain by an orc warrior

Illustrated notes

Levels and vault maps discovered:
D:1:      scummos_arrival_checkerplants, layout_loops_ring,
          chequers_serial_rivers_micro_e
D:2:      layout_loops_ring, uniq_robin
D:3:      layout_loops_ring, nicolae_ru_sacrificial_ziggurat,
          uniq_crazy_yiuf_cottage
D:4:      layout_layer_cave, minmay_temple_entry_mini_moons,
          nicolae_ossuary_entry_false_entrances, minmay_gold_behind_fungi,
          uniq_pikel, uniq_edmund, uniq_blork_the_orc
D:5:      layout_loops_ring, minmay_overflow_temple_star_hex,
          minmay_ogre_servants, uniq_duvessa
D:6:      cheibrodos_quashed, layout_basic, st_stairs_14, uniq_prince_ribbit1
D:7:      layout_cave_pools, lemuel_round_altar, enter_bailey_3, uniq_menkaure
Temple:   compressed_dpeg_circular_temple
Bailey:   bailey_polearm_2, bailey

Skill      XL: |  1  2  3  4  5  6  7  8  9 |
---------------+----------------------------+-----
Shields        | 4 5 6 7 9 |  9.5
Armour         | 4 5 6 7 8 |  8.8
Fighting       | 4 6 7 8 |  8.8
Invocations    | 2 5 |  5.7
Long Blades    | |  2.0

Action                   |  1- 3 |  4- 6 |  7- 9 | 10-12 || total
-------------------------+-------+-------+-------+-------++-------
Melee: Long sword        |    86 |   138 |       |       ||   224
       Quarterstaff      |       |    16 |   301 |    36 ||   353
Throw: Dart              |       |     2 |     2 |       ||     4
 Abil: Dig               |       |       |     1 |       ||     1
  Use: Scroll            |       |     6 |       |     4 ||    10
       Potion            |       |     1 |       |       ||     1
 Stab: Paralysed         |       |     2 |     4 |       ||     6
       Distracted        |       |       |       |     1 ||     1
Armor: Scale mail        |    59 |    56 |   125 |    18 ||   258
Dodge: Dodged            |    29 |    49 |   104 |    28 ||   210
Block: Kite shield       |    52 |    79 |   182 |    47 ||   360
       Rpst.: Long sword |    11 |    14 |       |       ||    25
